 Dungeon Crawl Stone Soup version 0.17-a0-2118-g63bad21 (webtiles) character file.

168 tp1 the Conjurer (level 5, 0/28 HPs)
             Began as a Deep Elf Conjurer on Oct 20, 2015.
             Succumbed to poison (a potion of poison)
             ... on level 4 of the Dungeon.
             The game lasted 00:23:49 (3839 turns).

tp1 the Conjurer (Deep Elf Conjurer)                Turns: 3839, Time: 00:23:49

Health: 0/28       AC:  2    Str:  6    XL:     5   Next: 23%
Magic:  9/14       EV: 13    Int: 20    God:
Gold:   167        SH:  0    Dex: 15    Spells: 4 memorised, 3 levels left

rFire  . . .     SeeInvis .     g - +0 short sword
rCold  . . .     Clarity  .     a - +0 robe
rNeg   . . .     SustAt   .     (no shield)
rPois  .         Gourm    .     (no helmet)
rElec  .         Spirit   .     (no cloak)
rCorr  .         Warding  .     (no gloves)
rMut   .         Stasis   .     (no boots)
MR     .....                    (no amulet)
Stlth  ++........               (no ring)
                                (no ring)

@: lethally poisoned (0 -> -33), flying, very slightly contaminated, invisible,
not resistant to hostile enchantments, unstealthy
A: no striking features
a: no special abilities


You were on level 4 of the Dungeon.
You were not hungry.

You visited 1 branch of the dungeon, and saw 4 of its levels.

You collected 167 gold pieces.

Inventory:

Hand Weapons
 f - a +0 dagger
 g - a +0 short sword (weapon)
Armour
 a - a +0 robe (worn)
Jewellery
 k - a cursed -3 ring of slaying {unknown}
 l - an uncursed ring of positive energy {unknown}
 p - a +4 ring of evasion {unknown}
Scrolls
 e - 2 scrolls of teleportation {unknown}
 i - a scroll of remove curse {unknown}
 j - 4 scrolls of identify {unknown}
 s - a scroll of fear {unknown}
 t - a scroll of amnesia {unknown}
Potions
 m - a potion of flight
 o - 2 potions of poison
 q - a potion of curing {unknown}
 u - a potion of agility {unknown}
Books
 b - a book of Conjurations

   Spells                             Type                      Level
   a - Magic Dart                     Conjuration                  1
   b - Searing Ray                    Conjuration                  2
   c - Dazzling Spray                 Conjuration/Hexes            3
   d - Fulminant Prism                Conjuration/Hexes            4
   e - Iskenderun's Mystic Blast      Conjuration                  4
   f - Iskenderun's Battlesphere      Conjuration/Charms           5
Comestibles
 c - 2 bread rations
 d - 2 meat rations
 r - 4 fruits


   Skills:
 - Level 3.0 Dodging
 - Level 2.4 Stealth
 - Level 5.1 Spellcasting
 - Level 5.7 Conjurations
 + Level 2.2 Charms


You had 3 spell levels left.
You knew the following spells:

 Your Spells              Type           Power        Failure   Level  Hunger
a - Magic Dart            Conj           ####         1%          1    None
b - Searing Ray           Conj           ####..       1%          2    None
c - Dazzling Spray        Conj/Hex       ###.....     12%         3    ##.....
d - Iskenderun's Battles  Conj/Chrm      ###.....     71%         5    #####..


Dungeon Overview and Level Annotations

Branches:
Dungeon (4/15)
 Temple: D:4-7

Altars:
Makhleb


Message History

* * * LOW HITPOINT WARNING * * *
You are more poisoned.
The worker ant poisons you! The worker ant bites you.
* * * LOW HITPOINT WARNING * * *
Drink which item? (? for menu, Esc to quit)
It was a potion of invisibility.
You fade into invisibility!
* * * LOW HITPOINT WARNING * * *
You feel sick. The worker ant closely misses you.
You are very lightly contaminated with residual magic.
Drink which item? (? for menu, Esc to quit)
It was a potion of flight.
You feel very buoyant.
You fly up into the air.
* * * LOW HITPOINT WARNING * * *
You feel sick. The worker ant barely misses you.
Drink which item? (? for menu, Esc to quit)
It was a potion of poison.
That liquid tasted very nasty...
You are more poisoned.
You die...

.## .# ..# .#
... #.# ##..
..# ###.?.# ..#
#..[#..#..#####
#...........
#.@..#
#..a....>.
##........
#........
#........
.........
#........
##...####


You could see a worker ant.

Vanquished Creatures
  An orc wizard (D:3)
  A worker ant zombie (D:3)
  4 adders
  An ooze (D:1)
  3 worms
  A giant gecko (D:1)
  4 orcs (D:3)
  7 ball pythons
  A giant cockroach (D:2)
  9 hobgoblins
  4 jackals (D:3)
  3 quokkas
  9 bats
  4 giant newts
  6 goblins
  11 kobolds
  10 rats
79 creatures vanquished.

Notes
Turn   | Place    | Note
--------------------------------------------------------------
     0 | D:1      | tp1 the Deep Elf Conjurer began the quest for the Orb.
     0 | D:1      | Reached XP level 1. HP: 10/10 MP: 6/6
   201 | D:1      | Reached XP level 2. HP: 15/15 MP: 1/8
   453 | D:1      | Reached skill level 5 in Conjurations
   668 | D:1      | Reached XP level 3. HP: 19/19 MP: 4/9
  1303 | D:2      | Found a burning altar of Makhleb.
  1640 | D:2      | Reached XP level 4. HP: 24/24 MP: 4/12
  1878 | D:2      | Reached skill level 5 in Spellcasting
  2003 | D:2      | Found a burning altar of Makhleb.
  2495 | D:3      | Learned a level 2 spell: Searing Ray
  2788 | D:3      | Learned a level 3 spell: Dazzling Spray
  3567 | D:3      | Reached XP level 5. HP: 28/28 MP: 10/14
  3576 | D:3      | Learned a level 5 spell: Iskenderun's Battlesphere
  3839 | D:4      | Succumbed to poison (a potion of poison)

Vault maps used:
D:1:      lemuel_arrival_broad_hall, minmay_shallow_snake_nest
D:2:      st_stairs_9, bloody_makhleb

Action                   |  1- 3 |  4- 6 || total
-------------------------+-------+-------++-------
Melee: Dagger            |     1 |       ||     1
       Short sword       |       |    23 ||    23
 Cast: Magic Dart        |    91 |    68 ||   159
       Searing Ray       |       |     6 ||     6
       Dazzling Spray    |       |     7 ||     7
  Use: Potion            |       |     3 ||     3
 Stab: Invisible         |       |     1 ||     1
  Eat: Chunk             |     2 |     7 ||     9
